 Dungeon Crawl Stone Soup version 0.24-a0-423-g6870c0f642 (webtiles) character file.

Game seed: 4309103727876872441

153 Holzbalken the Insei (level 5, 0/38 HPs)
             Began as a Demonspawn Transmuter on June 13, 2019.
             Succumbed to Robin's poison
             ... on level 3 of the Dungeon.
             The game lasted 00:06:28 (2392 turns).

Holzbalken the Insei (Demonspawn Transmuter)        Turns: 2392, Time: 00:06:29

Health: 0/38       AC:  2    Str: 12    XL:     5   Next: 12%
Magic:  8/9        EV: 13    Int: 14    God:
Gold:   118        SH:  0    Dex: 13    Spells: 8/9 levels left

rFire    . . .     SeeInvis .     - Unarmed
rCold    . . .     Gourm    .   (no shield)
rNeg     . . .     Faith    .   b - +0 robe
rPois    .         Spirit   .   (no helmet)
rElec    .         Reflect  .   (no cloak)
rCorr    .         Harm     .   (no gloves)
MR       .....                  (no boots)
Stlth    +.........             (no amulet)
HPRegen  0.12/turn              (no ring)
MPRegen  0.11/turn              (no ring)

@: lethally poisoned (0 -> -10), appendage (expiring), very slightly
contaminated
A: horns 2, spiny 2
a: End Transformation


You were on level 3 of the Dungeon.
You were not hungry.
You had grown temporary horns.
You visited 1 branch of the dungeon, and saw 3 of its levels.

You collected 118 gold pieces.

Inventory:

Missiles
 a - 12 arrows
Armour
 b - a +0 robe (worn)
Jewellery
 f - an uncursed ring of resist corrosion {unknown}
Scrolls
 e - 3 scrolls of remove curse {unknown}
 g - 3 scrolls of identify {unknown}
 k - a scroll of amnesia {unknown}
 n - a scroll of blinking {unknown}
 q - a scroll of enchant weapon {unknown}
 s - a scroll of fear {unknown}
Potions
 c - a potion of ambrosia {unknown}
 h - a potion of might {unknown}
 i - a potion of haste {unknown}
 j - 3 potions of mutation {unknown}
 l - 2 potions of magic {unknown}
 m - 4 potions of lignification {unknown}
 o - a potion of brilliance {unknown}
 r - a potion of degeneration {unknown}
Comestibles
 d - 8 rations
 p - 9 chunks of flesh


   Skills:
 + Level 2.2 Fighting
 + Level 2.6 Dodging
 + Level 3.4 Unarmed Combat
 + Level 2.8 Spellcasting
 + Level 2.6 Transmutations


You had 8 spell levels left.
You knew the following spells:

 Your Spells              Type           Power        Failure   Level  Hunger
a - Beastly Appendage     Tmut           #.....       8%          1    #......

Your spell library contained the following spells:

 Spells                   Type           Power        Failure   Level  Hunger
 Sticks to Snakes         Tmut           #.......     12%         2    ###....
 Spider Form              Tmut/Pois      #.........   36%         3    ###....
 Ice Form                 Ice/Tmut       #.......     77%         4    #####..
 Blade Hands              Tmut           #.........   91%         5    ######.


Dungeon Overview and Level Annotations

Branches:
Dungeon (3/15)

Altars:


Innate Abilities, Weirdness & Mutations

You are mostly covered in sharp spines.
You have a pair of horns on your head.


Message History

You barely miss Robin. You headbutt Robin.
Robin is lightly wounded.
* * * LOW HITPOINT WARNING * * *
You feel sick. Robin is struck by your spines. Robin closely misses you.
You hit Robin but do no damage.
Robin is moderately wounded.
* * * LOW HITPOINT WARNING * * *
You feel sick. Robin is struck by your spines. Robin barely misses you.
You hit Robin. You headbutt Robin.
You kill Robin!
* * * LOW HITPOINT WARNING * * *
You feel sick.
* * * LOW HITPOINT WARNING * * *
You feel sick.
Items here: ! ) [[ † a +1 spear of venom; a +1 animal skin; a cursed +0 helmet; an amethyst potion the hobgoblin corpse of Robin
* * * LOW HITPOINT WARNING * * *
You feel sick.
You die...

#. ### #### #. #########
... ..# #. #.......#
.#[##.# #. #.......#
#.#..#.######.
#.......###.#.#.........
#.........#.............
#.......#.#.............
#......@#.#.#..##.#####.
#......)#.#.#..##.# #.
########)#.....##.# #.
##.#.#.###.# #.
###.#.###.#####.
#.............
##............
.#######..###..####.
..........#........>


There were no monsters in sight!

Vanquished Creatures
  Terence (D:2)
  Robin (D:3)
  4 adders (D:2)
  A worm (D:2)
  4 dart slugs
  2 leopard geckos (D:2)
  An orc (D:3)
  3 giant cockroaches
  10 hobgoblins
  4 jackals (D:3)
  A quokka (D:3)
  5 bats
  3 frilled lizards
  11 goblins
  6 kobolds
  7 rats
64 creatures vanquished.

Notes
Turn   | Place    | Note
-------+----------+-------------------------------------------
     0 | D:1      | Holzbalken the Demonspawn Transmuter began the quest for
                  | the Orb.
     0 | D:1      | Reached XP level 1. HP: 15/15 MP: 3/3
   188 | D:1      | Gained mutation: You are partially covered in sharp spines.
                  | [demonic ancestry]
   188 | D:1      | Reached XP level 2. HP: 17/21 MP: 5/5
   694 | D:2      | Noticed Terence
   717 | D:2      | Killed Terence
   717 | D:2      | Reached skill level 3 in Unarmed Combat
   717 | D:2      | Reached XP level 3. HP: 7/26 MP: 6/6
  1379 | D:2      | Reached XP level 4. HP: 16/33 MP: 7/7
  2356 | D:3      | Noticed Robin
  2376 | D:3      | Gained mutation: You are mostly covered in sharp spines.
                  | [demonic ancestry]
  2376 | D:3      | Reached XP level 5. HP: 16/38 MP: 9/9
  2389 | D:3      | Killed Robin
  2391 | D:3      | HP: 1/38 [poisoned by Robin]
  2392 | D:3      | Succumbed to Robin's poison

Levels and vault maps discovered:
D:1:      dpeg_arrival_boxes_within_box, layout_rooms,
          chequers_serial_rivers_small_a, hangedman_decor_clover_reticule
D:2:      layout_loops_ring, minmay_tiny_reverse_x, uniq_terence
D:3:      layout_loops_cross, first_ration, uniq_jessica, uniq_robin

Skill      XL: |  1  2  3  4 |
---------------+-------------+-----
Dodging        | 2 |  2.6
Transmutations | 2 |  2.6
Unarmed Combat | 3 |  3.4
Fighting       | 2 |  2.2
Spellcasting   | |  2.8

Action                   |  1- 3 |  4- 6 || total
-------------------------+-------+-------++-------
Melee: Unarmed           |    87 |    95 ||   182
       Punch             |     1 |       ||     1
       Headbutt          |     1 |     4 ||     5
       Kick              |     1 |       ||     1
 Cast: Beastly Appendage |     4 |     3 ||     7
  Eat: Chunk             |     2 |     3 ||     5
Armor: Robe              |    11 |     9 ||    20
Dodge: Dodged            |    54 |    43 ||    97

Table legend:
 A = Non-vault XP
 B = Vault XP
 C = Vault XP percentage of total XP
 D = Non-vault monster count
 E = Vault monster count
 F = Vault count percentage of total count
                 A         B        C        D         E       F
            +---------+---------+-------+---------+---------+-------
      Total |     142 |      77 |  35.2 |      49 |      15 |  23.4
            +---------+---------+-------+---------+---------+-------
        D:1 |      22 |       0 |   0.0 |      11 |       0 |   0.0
        D:2 |      85 |      39 |  31.5 |      19 |       3 |  13.6
        D:3 |      35 |      38 |  52.1 |      19 |      12 |  38.7
            +---------+---------+-------+---------+---------+-------
